 Dungeon Crawl Stone Soup version 0.29.1-15-g9cfb28693d (webtiles) character file.

Game seed: 4133344661782564953

63 H0rd4k the Charlatan (level 4, -2/33 HPs)
             Began as a Human Artificer on Apr 21, 2023.
             Slain by a gnoll
             ... wielding a +0 spear
              (5 damage)
             ... on level 3 of the Dungeon.
             The game lasted 00:02:45 (4071 turns).

H0rd4k the Charlatan (Human Artificer)              Turns: 4071, Time: 00:02:46

Health: -2/33      AC:  3    Str: 12    XL:     4   Next: 31%
Magic:  4/4        EV: 12    Int: 14    God:
Gold:   106        SH:  0    Dex: 16    Spells: 3/3 levels left

rFire   . . .      SeeInvis .   m - +4 hand axe of Beph {freeze, *Slow rC+ Dex+3 Stlth+}
rCold   + . .      Faith    .   (no shield)
rNeg    . . .      Spirit   .   b - +0 leather armour
rPois   .          Reflect  .   (no helmet)
rElec   .          Harm     .   (no cloak)
rCorr   .          Rampage  .   (no gloves)
Will    .....                   (no boots)
Stlth   +++.......              (no amulet)
HPRegen 0.11/turn               (no ring)
MPRegen 0.09/turn               (no ring)

@: no status effects
A: no striking features
a: no special abilities


You were on level 3 of the Dungeon.
You visited 1 branch of the dungeon, and saw 3 of its levels.

You collected 106 gold pieces.

Inventory:

Hand Weapons
 k - a +2 dagger of protection
 m - the +4 hand axe of Beph (weapon) {freeze, *Slow rC+ Dex+3 Stlth+}
   (You took it off a goblin on level 2 of the Dungeon)

   It freezes those it strikes, dealing additional cold damage.
   It can also slow down cold-blooded creatures.
   Dex:       It affects your dexterity (+3).
   rC:        It protects you from cold.
   *Slow:     It may slow you when you take damage.
   Stlth:     It makes you more stealthy.
Missiles
 n - 2 poisoned darts
 s - 4 silver javelins
Armour
 b - a +0 leather armour (worn)
Jewellery
 j - an amulet of magic regeneration
Wands
 a - a wand of polymorph (9)
 c - a wand of flame (9) (quivered)
 d - a wand of charming (10)
 e - a wand of iceblast (5)
Scrolls
 f - 3 scrolls of identify {unknown}
 g - a scroll of noise {unknown}
 h - a scroll of teleportation {unknown}
 p - a scroll of blinking {unknown}
 r - a scroll of fear {unknown}
Potions
 i - 2 potions of invisibility {unknown}
 l - 4 potions of degeneration {unknown}
 o - a potion of curing {unknown}
 q - a potion of haste {unknown}
 t - a potion of mutation {unknown}


   Skills:
 + Level 1.7 Fighting
 + Level 1.1 Maces & Flails
 - Level 2.0 Armour
 + Level 1.8 Dodging
 + Level 1.3 Stealth
 + Level 3.8 Evocations


You had 3 spell levels left.
You didn't know any spells.
Your spell library contained the following spells:

 Spells                   Type           Power      Damage    Failure   Level
 Apportation              Tloc           0%         N/A       36%         1
 Alistair's Intoxication  Tmut/Pois      0%         N/A       100%        5


Dungeon Overview and Level Annotations

Branches:
Dungeon (3/15)

Altars:

Shops:
D:2 :

Annotations:
D:3 exclusion: gnoll


Message History

The plant begins to die.
A gnoll comes into view. It is wielding a +0 flail.
You hit the giant cockroach. You freeze the giant cockroach.
You kill the giant cockroach!
The gnoll hits the plant with a +0 spear.
The plant begins to die.
You see here a giant cockroach corpse.
Found a stone staircase leading down.
A bat comes into view.
The bat misses you. The bat hits you but does no damage.
The bat closely misses you.
You barely miss the bat. The bat hits you but does no damage.
You hit the bat. You freeze the bat.
You kill the bat!
You see here a bat corpse.
There is a stone staircase leading down here.
The gnoll hits you with a +0 spear!
You hit the gnoll. You freeze the gnoll.
The gnoll is moderately wounded.
The gnoll hits you with a +0 spear! The gnoll barely misses you.
You hit the gnoll. You freeze the gnoll.
The gnoll is severely wounded.
The gnoll barely misses you.
You barely miss the gnoll.
The gnoll is severely wounded.
The gnoll completely misses you.
You barely miss the gnoll.
The gnoll is severely wounded.
The gnoll hits you with a +0 spear!
* * * LOW HITPOINT WARNING * * *
The gnoll hits you with a +0 spear.
* * * LOW HITPOINT WARNING * * *
You barely miss the gnoll.
The gnoll is severely wounded.
The gnoll closely misses you.
Unknown command.
You barely miss the gnoll.
The gnoll is severely wounded.
The gnoll hits you with a +0 spear.
You die... gP. #.#...#.# gPPP

#.#...#.#
PPP..##.#<..#.#
........#...#.#
.######g#...#.#
### #†#...#.#
...#.....# # ##
#.#.#####.#
....#...g@....#
........†>#####
.##.###...# ..
#...# .. #...#
. ..... ####.##
#.# ...


You could see a gnoll.

Vanquished Creatures
  An adder (D:2)
  2 dart slugs (D:1)
  5 endoplasms
  2 giant cockroaches
  3 hobgoblins
  5 jackals (D:1)
  6 kobolds
  A quokka (D:1)
  6 ball pythons
  7 bats
  A frilled lizard (D:1)
  4 goblins (D:2)
  A rat (D:2)
44 creatures vanquished.

Vanquished Creatures (collateral kills)
  A hobgoblin (D:1)
1 creature vanquished.

Vanquished Creatures (others)
  A jackal (D:1)
  17 plants
18 creatures vanquished.

Grand Total: 63 creatures vanquished

Notes
Turn   | Place    | Note
-------+----------+-------------------------------------------
     0 | D:1      | H0rd4k the Human Artificer began the quest for the Orb.
     0 | D:1      | Reached XP level 1. HP: 15/15 MP: 1/1
   337 | D:1      | Reached XP level 2. HP: 12/21 MP: 2/2
  1218 | D:1      | Reached XP level 3. HP: 4/26 MP: 3/3
  2327 | D:2      | Reached skill level 1 in Maces & Flails
  2895 | D:2      | Identified the +4 hand axe of Beph {freeze, *Slow rC+ Dex+3
                  | Stlth+}
  3233 | D:2      | Reached XP level 4. HP: 12/33 MP: 4/4
  3696 | D:2      | Found Womnam's Book Shoppe.
  4071 | D:3      | Slain by a gnoll

Illustrated notes

Levels and vault maps discovered:
D:1:      giann_forest_graveyard, layout_basic, serial_bayou_ford_a,
          minmay_split_cup_large
D:2:      layout_loops_ring, serial_shops, nicolae_shop_advertising_works
          [nicolae_subvault_shop_adworks], bh_walls_and_bars
D:3:      layout_basic, dilly_ecumenical_altar_fadedgnrine, dk_noncrumbling_2,
          nicolae_grassy_gnolls

Skill      XL: |  1  2  3 |
---------------+----------+-----
Maces & Flails | 1 |  1.1
Fighting       | |  1.7
Armour         | |  2.0
Dodging        | |  1.8
Stealth        | |  1.3
Evocations     | |  3.8

Action                   |  1- 3 |  4- 6 || total
-------------------------+-------+-------++-------
Melee: Club              |   175 |       ||   175
       Punch             |     1 |       ||     1
       Dagger            |    11 |       ||    11
       Hand axe          |     9 |    24 ||    33
       Unarmed           |     5 |       ||     5
Evoke: Wand              |    11 |       ||    11
 Stab: Sleeping          |     1 |     1 ||     2
Armor: Leather armour    |    69 |     5 ||    74
       Skin              |     1 |       ||     1
Dodge: Dodged            |   131 |    17 ||   148
